 Dungeon Crawl Stone Soup version 0.27.1-3-gb3d3a73c9e (webtiles) character file.

Game seed: 11135478837879951226

45 H0rd4k the Charlatan (level 3, -3/26 HPs)
             Began as a Human Artificer on Oct 19, 2021.
             Slain by an orc (4 damage)
             ... on level 3 of the Dungeon.
             The game lasted 00:01:22 (1421 turns).

H0rd4k the Charlatan (Human Artificer)              Turns: 1421, Time: 00:01:22

Health: -3/26      AC:  3    Str: 13    XL:     3   Next: 90%
Magic:  3/3        EV: 11    Int: 11    God:
Gold:   94         SH:  0    Dex: 13    Spells: 2/2 levels left

rFire    . . .     SeeInvis .   g - +0 falchion (flame)
rCold    . . .     Faith    .   (no shield)
rNeg     . . .     Spirit   .   b - +0 leather armour
rPois    .         Reflect  .   (no helmet)
rElec    .         Harm     .   (no cloak)
rCorr    .         Rampage  .   (no gloves)
Will     .....                  (no boots)
Stlth    +.........             (no amulet)
HPRegen  0.08/turn              (no ring)
MPRegen  0.08/turn              (no ring)

@: no status effects
A: no striking features
a: no special abilities


You were on level 3 of the Dungeon.
You visited 1 branch of the dungeon, and saw 3 of its levels.

You collected 94 gold pieces.

Inventory:

Hand Weapons
 a - a +0 club
 g - a +0 falchion of flaming (weapon)
Armour
 b - a +0 leather armour (worn)
Jewellery
 i - a +6 ring of dexterity
Wands
 c - a wand of flame (15) (quivered)
 d - a wand of charming (15)
Scrolls
 f - 2 scrolls of identify {unknown}
 h - a scroll of amnesia {unknown}
 k - a scroll of brand weapon {unknown}
 m - a scroll of torment {unknown}
Potions
 j - a potion of degeneration {unknown}
 l - 2 potions of curing {unknown}
Miscellaneous
 e - a piece from Xom's chessboard (15/15)


   Skills:
 + Level 1.2 Fighting
 + Level 1.1 Long Blades
 + Level 0.2 Maces & Flails
 + Level 2.4 Armour
 + Level 1.3 Dodging
 + Level 1.1 Stealth
 + Level 3.6 Evocations


You had 2 spell levels left.
You didn't know any spells.
Your spell library was empty.

Dungeon Overview and Level Annotations

Branches:
Dungeon (3/15)

Altars:

Annotations:
D:2 Sigmund


Message History

The bat barely misses you. The bat closely misses you.
The bat barely misses you.
You riposte.
You closely miss the bat.
The bat is severely wounded.
You hit the bat. You burn the bat.
You kill the bat!
No target in view!
Key pressed, stopping explore.
No target in view!
Found 13 gold pieces.
Saving game... please wait.
Welcome back, H0rd4k the Human Artificer.
Press ? for a list of commands and other information.
You now have 94 gold pieces (gained 13).
You open the door.
Found 31 stones.
There is an open door here.
You open the door.
There is an open door here.
Found a stone staircase leading down.
An orc comes into view. It is wielding a +0 morningstar.
Found 13 gold pieces.
The orc shouts!
An orc is nearby!
An orc is nearby!
A ball python comes into view.
The ball python hisses angrily.
You closely miss the orc. The orc hits you with a +0 morningstar!
You hit the orc. You burn the orc.
The orc is moderately wounded.
The orc hits you with a +0 morningstar!
* * * LOW HITPOINT WARNING * * *
The orc hits you with a +0 morningstar.
* * * LOW HITPOINT WARNING * * *
You hit the orc. You burn the orc.
The orc is heavily wounded.
The orc closely misses you.
You barely miss the orc.
The orc is heavily wounded.
The orc hits you with a +0 morningstar.
You die...

...........#
#######'####
#.........# .
###.....#.#####..
#######........
#........ #
#........
....#####.#######
.....So@.........
########.........
#.........
#..>......
#.........
#........$
##.####### .#


You could see an orc and a ball python.

Vanquished Creatures
  An adder (D:2)
  2 bats
  4 endoplasms
  2 giant cockroaches
  4 goblins
  3 hobgoblins
  5 jackals
  A kobold (D:3)
  2 quokkas
  2 ball pythons (D:1)
  2 frilled lizards
  3 rats
31 creatures vanquished.

Notes
Turn   | Place    | Note
-------+----------+-------------------------------------------
     0 | D:1      | H0rd4k the Human Artificer began the quest for the Orb.
     0 | D:1      | Reached XP level 1. HP: 15/15 MP: 1/1
   268 | D:1      | Reached XP level 2. HP: 21/21 MP: 2/2
   834 | D:2      | Reached XP level 3. HP: 22/26 MP: 3/3
   917 | D:2      | Noticed Sigmund
  1021 | D:3      | Reached skill level 1 in Long Blades
  1419 | D:3      | HP: 1/26 [orc (6)]
  1421 | D:3      | Slain by an orc

Illustrated notes

Levels and vault maps discovered:
D:1:      lightli_arrival_flooded_house, layout_rooms
D:2:      layout_rooms, chequers_serial_rivers_small_3, corexii_corridor_pit,
          minmay_box_of_dots, uniq_sigmund
D:3:      minmay_chambers_of_threes, layout_basic, kennysheep_generic_room_10,
          uniq_terence

Skill      XL: |  1  2  3 |
---------------+----------+-----
Long Blades    | 1 |  1.1
Fighting       | |  1.2
Maces & Flails | |  0.2
Armour         | |  2.4
Dodging        | |  1.3
Stealth        | |  1.1
Evocations     | |  3.6

Action                   || total
-------------------------++-------
Melee: Club              ||    23
       Falchion          ||    64
Armor: Leather armour    ||    33
Dodge: Dodged            ||    75
       Rpst.: Falchion   ||    12
